 Dungeon Crawl Stone Soup version 0.30-a0-672-gc3a7216ad8 (webtiles) character file.

Game seed: 18216650322037280427

58566 wormed the Martial Artist (level 14, -2/94 HPs)
             Began as an Octopode Transmuter on Jan 19, 2023.
             Was an Initiate of Gozag.
             Slain by a spatial maelstrom (11 damage)
             ... on level 2 of the Abyss.
             The game lasted 00:37:24 (23344 turns).

wormed the Martial Artist (Octopode Transmuter)    Turns: 23344, Time: 00:37:25

Health: -2/94      AC: 13    Str: 19 (22) XL:     14   Next: 91%
Magic:  20/20      EV: 12    Int: 10 (16) God:    Gozag
Gold:   1605       SH:  0    Dex:  7 (8)  Spells: 13/29 levels left

rFire   . . .      SeeInvis .      - Unarmed
rCold   + + +      Faith    .    (shield currently unavailable)
rNeg    . . .      Spirit   .    (helmet currently unavailable)
rPois   +          Reflect  .    F - amulet of regeneration
rElec   .          Harm     .    n - ring of protection from fire
rCorr   +          Rampage  .    s - +4 ring of protection
Will    +....      Archmagi +    h - ring of poison resistance
Stlth   +                        q - ring of resist corrosion
HPRegen 1.15/turn                b - ring of the Mage {Wiz Archmagi}
MPRegen 0.17/turn                d - ring of Inwoiq Zeedd {Str+6 Slay+2}
                                 x - +6 ring of strength
                                 (no ring)

@: about to teleport, ice-form, wereblooded
A: freezing attack, boosted hp, almost no armour, amphibious, 8 rings, large,
(camouflage 1), (gelatinous body 1), (nimble swimmer 1), (tentacles), [clumsy
2], [deterioration 2], [dopey 2], [frail 2], [low MP 2], [no potion heal 2]
a: End Transformation, Renounce Religion, Potion Petition, Call Merchant, Bribe
Branch


You were on level 2 of the Abyss.
You worshipped Gozag.
Gozag was most pleased with you.
You were a creature of crystalline ice.
You visited 3 branches of the dungeon, and saw 17 of its levels.
You visited the Abyss 1 time.
You also visited: Gauntlet.

You collected 5027 gold pieces.
You spent 185 gold pieces at shops.
You paid 3237 gold pieces to Gozag.

Inventory:

Jewellery
 a - the ring of Duko {rN+ Will+ rCorr}
   (You took it off a minotaur in a Gauntlet)

   [ring of positive energy]

   rN:        It protects you from negative energy.
   rCorr:     It protects you from acid and corrosion.
   Will:      It increases your willpower.
 b - the ring of the Mage (on tentacle) {Wiz Archmagi}
   (You found it on level 9 of the Dungeon)

   [ring of wizardry]

   It improves your spell success rate.
   Archmagi:  It increases the power of your magical spells.
 d - the ring of Inwoiq Zeedd (on tentacle) {Str+6 Slay+2}
   (You found it in a Gauntlet)

   [ring of strength]

   Str:       It affects your strength (+6).
   Slay:      It affects your accuracy & damage with ranged weapons and melee
   (+2).
 h - a ring of poison resistance (on tentacle)
 n - a ring of protection from fire (left front paw)
 q - a ring of resist corrosion (on tentacle)
 s - a +4 ring of protection (right front paw)
 x - a +6 ring of strength (on tentacle)
 F - an amulet of regeneration (around neck)
Wands
 p - a wand of roots (14)
 v - a wand of mindburst (11)
 B - a wand of light (6)
 C - a wand of polymorph (2)
 E - a wand of paralysis (5)
Scrolls
 k - 3 scrolls of amnesia
 r - a scroll of magic mapping
 w - 3 scrolls of enchant weapon
 y - 2 scrolls of silence
 A - 3 scrolls of identify
 D - 3 scrolls of teleportation
 G - a scroll of enchant armour
Potions
 c - 3 potions of brilliance
 e - 6 potions of curing (quivered)
 f - 3 potions of cancellation
 g - a potion of might
 i - 3 potions of resistance
 j - a potion of haste
 l - a potion of magic
 m - 6 potions of mutation
 o - 3 potions of attraction {unknown}
 t - 3 potions of flight {unknown}
 u - 2 potions of lignification
 z - 3 potions of degeneration {unknown}


   Skills:
 + Level 10.6 Fighting
 + Level 10.8 Dodging
 + Level 11.0 Unarmed Combat
 - Level 8.0 Spellcasting
 - Level 10.0 Summonings
 - Level 10.0 Translocations
 - Level 9.0 Transmutations
 - Level 4.0 Ice Magic


You had 13 spell levels left.
You knew the following spells:

 Your Spells              Type           Power      Damage    Failure   Level
a - Ice Form              Ice/Tmut       25%        N/A       4%          4
b - Wereblood             Tmut           33%        N/A       1%          2
c - Call Canine Familiar  Summ           36%        N/A       1%          3
d - Summon Forest         Summ/Tloc      18%        N/A       3%          5
k - Blink                 Tloc           72%        N/A       1%          2

Your spell library contained the following spells:

 Spells                   Type           Power      Damage    Failure   Level
 Apportation              Tloc           72%        N/A       1%          1
 Beastly Appendage        Tmut           66%        N/A       1%          1
 Lesser Beckoning         Tloc           72%        N/A       1%          2
 Momentum Strike          Conj/Tloc      42%        3d9       1%          2
 Portal Projectile        Hex/Tloc       42%        N/A       2%          3
 Spider Form              Tmut/Pois      19%        N/A       3%          3
 Iskenderun's Mystic Bla  Conj/Tloc      21%        2d6       9%          4
 Cigotuvi's Dreadful Rot  Necr/Pois/Air  12%        N/A       11%         2
 Scorch                   Fire           12%        2d5       11%         2
 Summon Cactus Giant      Summ           18%        N/A       16%         6
 Dazzling Flash           Conj/Hex       12%        N/A       21%         3
 Summon Mana Viper        Hex/Summ       21%        N/A       24%         5
 Alistair's Intoxication  Tmut/Pois      12%        N/A       28%         5
 Dispel Undead            Necr           6%         3d8       52%         4
 Flame Wave               Conj/Fire      6%         2d5       52%         4
 Leda's Liquefaction      Hex/Erth       3%         N/A       52%         4
 Agony                    Necr           6%         N/A       86%         5
 Silence                  Hex/Air        3%         N/A       86%         5
 Death Channel            Necr           3%         N/A       100%        6
 Starburst                Conj/Fire      3%         6d3       100%        6
 Borgnjor's Revivificati  Necr           3%         N/A       100%        8
 Necromutation            Tmut/Necr      9%         N/A       100%        8
 Death's Door             Necr           3%         N/A       100%        9


Dungeon Overview and Level Annotations

Branches:
Dungeon (11/15)            Temple (1/1) D:7            Lair (5/5) D:10
 Shoals (0/4) Lair:3       Spider (0/4) Lair:3        Slime (0/5) Lair:4
    Orc (0/2) D:11        Gauntlet (visited)

Altars:
Ashenzari
Cheibriados
Dithmenos
Elyvilon
Fedhas
Gozag
Hepliaklqana
Kikubaaqudgha
Makhleb
Nemelex Xobeh
Okawaru
Qazlal
Ru
Sif Muna
Trog
Uskayaw
Vehumet
Wu Jian
Xom
Yredelemnul
Zin
The Shining One
Jiyva

Shops:
D:2 *   D:9 (   D:10 *!   Lair:3 =   Lair:5 *

Annotations:
D:8 Erica
D:11 Sonja
Lair:1 2 transporters, exclusion: oklob plant


Innate Abilities, Weirdness & Mutations

You are a creature of crystalline ice.
You have a powerful freezing melee attack.
Your maximum health is increased.
Your armour is entirely melded.
You are incapable of wielding weapons or throwing items.
You cannot wear most types of armour.
You are amphibious.
You can wear up to eight rings at the same time.
((Your skin changes colour to match your surroundings (Stealth+).))
((Your rubbery body absorbs attacks. (AC +1, EV +1)))
((You are camouflaged when in or above water. (Stealth+)))
((You have tentacles for arms and can constrict up to eight enemies at once.))
[You are very clumsy. (Dex -4)]
[Your body often deteriorates upon taking damage.]
[You are very dopey. (Int -4)]
[You are very frail. (-20% HP)]
[Your magical capacity is very low. (-20% MP)]
[Potions cannot restore your health.]


Message History

Found a stone.
A green very ugly thing comes into view.
The bone dragon moves out of view.
The green ugly thing moves out of view.
The spatial vortex attacks as you move away!
The spatial vortex barely misses you.
A spatial vortex comes into view.
The spatial maelstrom closely misses you.
The spatial maelstrom barely misses you.
A neqoxec comes into view.
The neqoxec shouts!
You hear a horrible gurgling sound! x2
You hear an angry hiss.
The spatial maelstrom misses you. The spatial maelstrom hits you!
Space warps horribly around you.
A spatial vortex comes into view.
The spatial maelstrom attacks as you move away!
The spatial maelstrom hits you. The spatial maelstrom hits you!
* * * LOW HITPOINT WARNING * * *
Your body deteriorates!
You feel clumsy. Space warps horribly around you!
* * * LOW HITPOINT WARNING * * *
The green ugly thing kicks you but does no damage.
A spatial vortex comes into view.
The green ugly thing attacks as you move away!
The green ugly thing kicks you.
* * * LOW HITPOINT WARNING * * *
The green very ugly thing gurgles horribly!
You hear an angry hiss.
The spatial maelstrom barely misses you.
The spatial maelstrom hits you but does no damage.
The neqoxec gestures at you.
You feel dopey. Something feeds on your intellect!
The green very ugly thing basks in the mutagenic energy from its kin and changes!
A spatial vortex comes into view.
A black mamba comes into view.
The neqoxec attacks as you move away!
The neqoxec hits you but does no damage.
The spatial maelstrom hits you!
You die...
Your body crumbles into a pile of gold.

.#...... ......## #
........###...#..#
#.## ..#.......#.v...
# #. .#
....###.v..######
##..##
#u#D#vvv#..#.(#(....
.# #u.u.v...#.v.#....
..#
#..3####vv####..v....
#..#v........#v..##.#
#...#Y##.#.. .. .....
#....###.
.....#...##. #...#
#.. ##... v .#.. #.#.
##. ######. #. . #.##
.# ..# .# .... . . #.
.#.#. .. . . # #.
#.#. #.. .##. .. . #


You could see a bone dragon, 2 very ugly things, a spatial maelstrom, a green
ugly thing, 3 spatial vortices and a neqoxec.

Vanquished Creatures
  A lorocyproca (Abyss:2)
  A minotaur (Gauntlet)
  A hydra (Lair:5)
  A centaur warrior (D:8)
  2 boulder beetles
  3 two-headed ogres
  A thrashing horror (Gauntlet)
  Urug (Lair:2)
  A wretched star (Abyss:2)
  Pikel (D:6)
  A large abomination (Abyss:2)
  6 black mambas
  19 elephants
  12 cane toads
  An efreet (D:11)
  2 rime drakes
  A burning bush (Lair:5)
  A troll (D:10)
  4 komodo dragons
  2 polar bears
  Grinder (D:5)
  14 blink frogs
  A wolf spider simulacrum (Gauntlet)
  4 slime creatures (Gauntlet)
  2 centaur simulacra (Gauntlet)
  A vampire (D:10)
  6 wyverns
  A shadow (D:11)
  3 small abominations
  17 yaks
  Eustachio (D:5)
  A basilisk (Lair:5)
  5 humans (D:9)
  A steam dragon (D:9)
  Grum (D:8)
  A neqoxec (Abyss:2)
  A swamp worm (Lair:1)
  5 acid dragons
  Edmund (D:4)
  9 water moccasins
  A hell hound (Lair:5)
  Duvessa (D:5)
  An ice beast (D:6)
  3 orc warriors
  A black bear (D:8)
  2 sky beasts (D:6)
  An ogre (D:7)
  9 wolves
  6 centaurs
  A lemure (D:6)
  A phantom (D:4)
  A kobold brigand (D:8)
  11 bullfrogs
  A necrophage (D:8)
  2 scorpions
  A gnoll sergeant (D:7)
  Dowan (D:5)
  15 wights
  A hornet simulacrum (Gauntlet)
  5 killer bees
  A howler monkey (D:8)
  6 electric eels (D:10)
  A lava snake (Lair:5)
  7 hounds
  3 orc priests
  A gnoll bouda (D:8)
  5 jellies
  6 orc wizards
  4 iguanas
  11 gnolls
  7 adders
  A shadow imp (D:8)
  A white imp (D:6)
  3 ufetubi
  A worm (D:2)
  3 dart slugs
  36 orcs
  8 ball pythons
  12 endoplasms
  4 giant cockroaches
  8 goblins
  5 hobgoblins
  6 jackals
  6 quokkas
  5 bats
  2 frilled lizards (D:1)
  6 kobolds
362 creatures vanquished.

Vanquished Creatures (collateral kills)
  A fire dragon (Lair:5)
  3 hydras (Lair:5)
  A wolf spider (Lair:3)
  12 elephants
  2 black mambas (Lair:5)
  3 molten gargoyles (Lair:5)
  A demonic crawler (Lair:1)
  6 cane toads
  A rime drake (Lair:4)
  6 komodo dragons
  2 polar bears
  15 blink frogs
  5 wyverns
  2 basilisks (Lair:5)
  2 steam dragons (Lair:5)
  8 yaks
  3 hell hounds (Lair:5)
  A swamp worm (Lair:1)
  4 water moccasins
  2 black bears
  5 wolves
  2 bullfrogs
  2 wights (D:10)
  An electric eel (D:10)
  4 lava snakes (Lair:5)
  4 bushes (Lair:5)
98 creatures vanquished.

Vanquished Creatures (others)
  A lindwurm (Lair:5)
  50 fungi
  35 plants
  10 snaplasher vines
96 creatures vanquished.

Grand Total: 556 creatures vanquished

Notes
Turn   | Place    | Note
-------+----------+-------------------------------------------
     0 | D:1      | wormed the Octopode Transmuter began the quest for the Orb.
     0 | D:1      | Reached XP level 1. HP: 13/13 MP: 3/3
   131 | D:1      | Reached XP level 2. HP: 18/18 MP: 3/5
   598 | D:1      | Reached skill level 1 in Ice Magic
   685 | D:2      | Learned a level 2 spell: Wereblood
   700 | D:2      | Reached XP level 3. HP: 23/23 MP: 4/6
   878 | D:2      | Found Tyekhlest's Assorted Antiques.
  1249 | D:2      | Reached XP level 4. HP: 28/28 MP: 3/7
  1620 | D:2      | Learned a level 4 spell: Ice Form
  1711 | D:3      | Found a faded altar of an unknown god.
  1985 | D:3      | Found a basalt altar of Yredelemnul.
  2047 | D:3      | Found a white marble altar of Elyvilon.
  2152 | D:3      | Reached XP level 5. HP: 9/33 MP: 0/9
  2400 | D:3      | Found an iron altar of Okawaru.
  2824 | D:4      | Noticed a phantom
  3187 | D:4      | You fall into a shaft and drop 1 floor!
  3187 | D:5      | Entered Level 5 of the Dungeon
  3496 | D:5      | Noticed Eustachio
  3523 | D:5      | Killed Eustachio
  3524 | D:5      | Reached XP level 6. HP: 16/38 MP: 5/11
  3700 | D:5      | Reached skill level 5 in Transmutations
  3780 | D:5      | Found an ancient bone altar of Kikubaaqudgha.
  3844 | D:5      | Noticed Grinder
  3844 | D:5      | Paralysed by Grinder for 3 turns
  3864 | D:5      | Killed Grinder
  3865 | D:5      | Reached XP level 7. HP: 19/43 MP: 7/13
  4155 | D:5      | Found a sacrificial altar of Ru.
  4180 | D:5      | Noticed Duvessa
  4180 | D:5      | Noticed Dowan
  4225 | D:4      | Noticed Edmund
  4386 | D:4      | Killed Edmund
  4658 | D:4      | Reached XP level 8. HP: 48/48 MP: 9/14
  5458 | D:2      | Bought a scroll labelled ONAOFF MUSORR for 32 gold pieces
  5458 | D:2      | Bought a scroll labelled JAESMIBYIRGH for 32 gold pieces
  5458 | D:2      | Bought a scroll labelled POFATAH DAALUE for 32 gold pieces
  5458 | D:2      | Bought a scroll labelled JUSEYM FAAF for 32 gold pieces
  5458 | D:2      | Bought 2 yellow potions for 57 gold pieces
  6020 | D:6      | Noticed Pikel
  6029 | D:6      | Killed Pikel
  6030 | D:6      | Reached skill level 4 in Unarmed Combat
  6030 | D:6      | Reached skill level 5 in Spellcasting
  6143 | D:6      | Reached XP level 9. HP: 55/55 MP: 10/16
  6920 | D:7      | Found a staircase to the Ecumenical Temple.
  6935 | Temple   | Entered the Ecumenical Temple
  6993 | Temple   | Became a worshipper of Gozag Ym Sagoz the Greedy
  7803 | D:7      | Reached skill level 5 in Unarmed Combat
  8271 | D:7      | Learned a level 2 spell: Blink
  8374 | D:8      | Noticed a centaur warrior
  8377 | D:8      | Noticed a two-headed ogre
  8485 | D:8      | Killed a two-headed ogre
  8486 | D:8      | Reached skill level 1 in Translocations
  8486 | D:8      | Reached XP level 10. HP: 38/65 MP: 3/18
  9013 | D:8      | Noticed Erica
  9032 | D:8      | Reached skill level 5 in Dodging
  9299 | D:8      | Killed a centaur warrior
  9800 | D:8      | Noticed Grum
 10135 | D:8      | Reached skill level 5 in Fighting
 10547 | D:8      | Killed Grum
 10630 | D:8      | Reached skill level 6 in Unarmed Combat
 10709 | D:8      | Found a hazy altar of Hepliaklqana.
 10715 | D:8      | Found a sparkling altar of Nemelex Xobeh.
 10720 | D:8      | Found an ornate altar of the Wu Jian Council.
 10726 | D:8      | Found a glowing golden altar of the Shining One.
 10731 | D:8      | Found a bloodstained altar of Trog.
 10737 | D:8      | Found a stormy altar of Qazlal.
 10741 | D:8      | Found a radiant altar of Vehumet.
 10838 | D:9      | Noticed a two-headed ogre
 10881 | D:9      | Killed a two-headed ogre
 10882 | D:9      | Reached XP level 11. HP: 27/72 MP: 5/21
 11796 | D:9      | Found the ring of the Mage {Wiz Archmagi}
 11881 | D:10     | Entered Level 10 of the Dungeon
 12209 | D:10     | Reached skill level 7 in Unarmed Combat
 12278 | D:10     | Reached skill level 5 in Summonings
 12351 | D:10     | Found a staircase to the Lair.
 12370 | Lair:1   | Entered Level 1 of the Lair of Beasts
 12524 | Lair:1   | Found a transporter.
 12525 | Lair:1   | Found a transporter.
 12525 | Lair:1   | Noticed a boulder beetle
 12857 | Lair:1   | Reached skill level 5 in Translocations
 12980 | Lair:1   | Noticed an oklob plant
 12990 | Lair:1   | Learned a level 5 spell: Summon Forest
 12994 | Lair:1   | Learned a level 3 spell: Call Canine Familiar
 13775 | Lair:2   | Reached XP level 12. HP: 79/80 MP: 10/23
 14043 | Lair:2   | Noticed Urug
 14050 | Lair:2   | Killed Urug
 14879 | Lair:3   | Found a staircase to the Shoals.
 15238 | Lair:3   | Found a hole to the Spider Nest.
 15256 | Lair:3   | Reached skill level 8 in Unarmed Combat
 16088 | Lair:3   | Reached XP level 13. HP: 88/88 MP: 18/25
 16274 | Lair:4   | Found a staircase to the Slime Pits.
 16275 | Lair:4   | Found a viscous altar of Jiyva.
 17822 | Lair:5   | Entered Level 5 of the Lair of Beasts
 17832 | Lair:5   | Reached skill level 9 in Unarmed Combat
 18608 | Lair:5   | Reached XP level 14. HP: 39/95 MP: 16/26
 18735 | Lair:5   | Reached skill level 10 in Summonings
 18757 | Lair:5   | Reached skill level 10 in Translocations
 19272 | Lair:5   | Reached skill level 10 in Unarmed Combat
 19318 | Lair:5   | Reached skill level 10 in Dodging
 19584 | Lair:5   | Found a large runed translucent door.
 19989 | Lair:5   | Found a large runed translucent door.
 20672 | D:10     | Reached skill level 10 in Fighting
 20739 | D:10     | Found Wyimyr's General Store.
 21190 | D:5      | Killed Duvessa
 21193 | D:5      | Killed Dowan
 21603 | D:11     | Found a gate leading to a gauntlet.
 21627 | Gauntlet | Entered a Gauntlet
 21627 | Gauntlet | Found a transporter.
 21639 | Gauntlet | Found a transporter.
 21642 | Gauntlet | Found a transporter.
 21643 | Gauntlet | Found a transporter.
 21651 | Gauntlet | Found a transporter.
 21654 | Gauntlet | Found a transporter.
 21655 | Gauntlet | Found a transporter.
 21665 | Gauntlet | Found a transporter.
 21667 | Gauntlet | Found a transporter.
 21668 | Gauntlet | Found a transporter.
 21676 | Gauntlet | Found a transporter.
 21679 | Gauntlet | Found a transporter.
 21680 | Gauntlet | Found a transporter.
 21687 | Gauntlet | Found a runed translucent door.
 21690 | Gauntlet | Found a transporter.
 21863 | Gauntlet | HP: 7/148 [large slime creature (9)]
 21869 | Gauntlet | HP: 4/148 [slime creature (12)]
 22242 | Gauntlet | Identified the ring of Inwoiq Zeedd {Str+6 Slay+2}
 22318 | Gauntlet | Identified a scroll of acquirement
 22318 | Gauntlet | Acquired 656 gold pieces
 22335 | Gauntlet | Identified the ring of Duko {rN+ Will+ rCorr}
 22642 | D:11     | Found a staircase to the Orcish Mines.
 22750 | D:11     | Identified the +7 falchion "Zeosmeta" {drain, rElec Dex+4}
 23117 | D:11     | Noticed Sonja
 23139 | Abyss:2  | Cast into level 2 of the Abyss (Sonja)
 23238 | Abyss:2  | Killed a lorocyproca
 23239 | Abyss:2  | Reached skill level 11 in Unarmed Combat
 23337 | Abyss:2  | Noticed a bone dragon
 23337 | Abyss:2  | Noticed a green very ugly thing
 23337 | Abyss:2  | Noticed a green very ugly thing
 23344 | Abyss:2  | Slain by a spatial maelstrom

Illustrated notes

Levels and vault maps discovered:
D:1:      minmay_arrival_solitary_statue, layout_loops_ring
D:2:      layout_basic, serial_shops, nicolae_square_shop
D:3:      layout_basic, kennysheep_ying_yang, mainiacjoe_overflow_alcove_4,
          ebering_ecumenical_altar_abandoned, hex_medium
D:4:      layout_loops_corners, kennysheep_orc_chapel, uniq_edmund
D:5:      layout_loops_ring, mainiacjoe_overflow_swirl, corexii_shack,
          hangedman_glass_teeth, uniq_eustachio, uniq_duvessa, uniq_grinder
D:6:      layout_cave_pods, lightli_ossuary_entry_decrepit_ruins, uniq_pikel
D:7:      cheibrodos_quashed, layout_rooms, temple_fountains
D:8:      black_bear_nest_2, layout_basic, grunt_temple_overflow_octagram,
          minmay_chambers_of_fives, uniq_grum, uniq_erica
D:9:      layout_roguey, chequers_serial_rivers_micro_a,
          hangedman_decor_growths, minmay_ruffians
D:10:     layout_basic, serial_shops, shop
D:11:     layout_basic, david_orc_2, gauntlet_entry_generic,
          portal_ice_cave_entry_pillars_1, uniq_sonja
Temple:   cyrus_temple_forest
Lair:1:   gammafunk_boulding_lane, layout_loops_ring, serial_bayou_pond_b,
          worms_lemuel, lemuel_fruit_fields
Lair:2:   layout_roguey, minivault_25, uniq_urug
Lair:3:   layout_gridlike, shoals_dummy_entry, spider_nest_entry_rubble,
          beast_lair_carwin_4
Lair:4:   layout_regular_city, nicolae_slime_entry_slimehenge, enter_volcano_4,
          fungi_pond_lemuel, minmay_holes, chequers_serial_rivers_marsh
Lair:5:   cheibrodos_lair_end_hotspot, layout_big_grid, evilmike_ambush
          [evilmike_ambush_outer_basic, evilmike_ambush_inner_wall_2]
Abyss:2:  base: D:4, minivault_4, evilmike_abyss_exit_4

Skill      XL: |  1  2  3  4  5  6  7  8  9 10 11 12 13 14 |
---------------+-------------------------------------------+-----
Ice Magic      | 1 2 3 4 |  4.0
Transmutations | 3 4 5 6 7 9 |  9.0
Spellcasting   | 3 4 5 6 7 8 |  8.0
Fighting       | 2 4 5 6 7 8 10 | 10.6
Dodging        | 3 4 6 7 8 9 10 | 10.8
Unarmed Combat | 4 5 6 7 8 9 11 | 11.0
Summonings     | 2 4 5 7 9 10 | 10.0
Translocations | 1 3 5 7 9 10 | 10.0

Action                   |  1- 3 |  4- 6 |  7- 9 | 10-12 | 13-15 || total
-------------------------+-------+-------+-------+-------+-------++-------
Melee: Unarmed           |    71 |   118 |   220 |   434 |   400 ||  1243
       Kick              |    23 |    29 |       |       |       ||    52
       Tentacles         |    14 |     9 |     9 |       |     1 ||    33
       Constrict         |    24 |    17 |     4 |     1 |     1 ||    47
       Punch             |     5 |     2 |       |       |     4 ||    11
Throw: Throwing net      |       |       |       |     1 |       ||     1
 Cast: Beastly Appendage |    26 |    17 |       |       |       ||    43
       Wereblood         |     5 |    19 |    29 |    46 |    43 ||   142
       Ice Form          |       |     4 |    33 |    56 |    50 ||   143
       Summon Forest     |       |       |       |    15 |    39 ||    54
       Call Canine Famil |       |       |       |     2 |    11 ||    13
Invok: Call Merchant     |       |       |       |     1 |     3 ||     4
 Abil: End Transformatio |       |       |       |     1 |       ||     1
Evoke: Wand              |       |     2 |     5 |    19 |    10 ||    36
  Use: Potion            |       |     1 |     2 |     2 |     9 ||    14
       Scroll            |       |       |    16 |     5 |    10 ||    31
 Stab: Sleeping          |    10 |     3 |       |     2 |       ||    15
       Paralysed         |       |       |     2 |     5 |       ||     7
       Distracted        |       |       |       |     4 |     9 ||    13
Armor: Skin              |     2 |    31 |    84 |   173 |   230 ||   520
Dodge: Dodged            |    40 |    64 |   120 |   240 |   336 ||   800

Table legend: (Time is in decaauts)
 A = Elapsed time spent in this place.
 B = Non-inter-level travel time spent in this place.
 C = Inter-level travel time spent in this place.
 D = Time resting spent in this place.
 E = Time spent auto-exploring this place.
 F = Levels seen in this place.
 G = Mean time per level.
                   A        B        C        D        E       F      G
               +--------+--------+--------+--------+--------+-----+--------+
         Total |  23196 |  21963 |   1233 |    266 |  17509 |  19 | 1220.8 |
       Dungeon |  14067 |  13251 |    816 |     82 |  10727 |  11 | 1278.8 |
        Temple |     99 |     59 |     40 |      0 |     38 |   1 |   99.0 |
          Lair |   8030 |   7653 |    377 |      0 |   6225 |   5 | 1606.0 |
         Abyss |    208 |    208 |      0 |      0 |    115 |   1 |  208.0 |
      Gauntlet |    790 |    790 |      0 |    184 |    404 |   1 |  790.0 |
               +--------+--------+--------+--------+--------+-----+--------+

Top non-repeatable levels by time:
  Lair:5: 2277 daAuts
     D:8: 2076 daAuts
  Lair:3: 1688 daAuts
  Lair:4: 1681 daAuts
     D:4: 1597 daAuts
     D:7: 1533 daAuts
     D:6: 1489 daAuts
     D:5: 1311 daAuts
     D:9: 1299 daAuts
     D:3: 1226 daAuts
  Lair:2: 1193 daAuts
  Lair:1: 1189 daAuts
    D:10: 1093 daAuts
     D:2: 1021 daAuts
Gauntlet: 790 daAuts
